Map: Abiogenesis LE

Players

huuuuuur

  • Race: Protoss Protoss
  • Spawn Location: 5:00

JaySlays - Winner!

  • Race: Protoss Protoss
  • Spawn Location: 11:00

VOD

Have the link to the VOD?

Description

Time

  • Played on: April 21, 2018, 10:23 p.m.
  • Length: 7:37
Show
View Real Time Build Order
Export as new Build Order

huuuuuur Protoss 

Build Orders:  

Get SALT Encoding   

  12  0:03  Probe  
  13  0:15  Probe  
  14  0:27  Pylon, Probe  
  15  0:45  Probe  
  16  0:50  Gateway  
  16  0:54  Probe  
  17  1:02  Probe  
  17  1:07  Pylon  
  17  1:11  Probe  
  19  1:23  Probe  
  20  1:35  Probe  
  21  1:47  Probe  
  22  1:56  Pylon  
  22  1:59  Probe  
  23  2:05  Nexus  
  23  2:11  Probe  
  23  2:12  Pylon  
  24  2:17  Zealot  
  26  2:23  Probe  
  26  2:27  Assimilator  
  27  2:31  Assimilator  
  27  2:33  Probe  
  28  2:41  Probe  
  28  2:44  Zealot  
  28  2:50  Probe  
  32  3:02  Probe  
  33  3:17  Gateway  
  33  3:18  Gateway  
  33  3:21  Gateway  
  33  3:22  Zealot  
  35  3:41  Cybernetics Core  
  35  3:50  Assimilator  
  35  3:56  Assimilator  
  35  3:58  Pylon  
  35  4:01  Pylon  
  33  4:06  Pylon  
  33  4:07  Probe  
  33  4:09  Probe  
  35  4:15  Probe  
  35  4:21  Probe  
  35  4:22  Sentry  
  35  4:23  Probe  
  39  4:25  Sentry  
  42  4:33  Probe  
  42  4:35  Probe  
  44  4:45  Probe  
  44  4:47  Sentry x2  
  44  4:48  Probe  
  47  4:53  Stalker  
  47  4:56  Zealot  
  47  4:57  Probe  
  50  5:00  Probe  
  22  5:35  Cybernetics Core  
  22  5:41  Pylon  
  17  5:43  Pylon  
  11  5:57  Probe  
  12  6:05  Probe  
  13  6:13  Probe  
  14  6:25  Probe  
  10  6:27  Pylon  
  7  6:36  Forge  
Show
View Real Time Build Order
Export as new Build Order

JaySlays Protoss - Winner!

Build Orders: Dark Templar Rush 

Get SALT Encoding   

  12  0:00  Probe  
  13  0:12  Probe  
  14  0:18  Pylon  
  14  0:25  Probe  
  15  0:31  Assimilator  
  15  0:41  Probe  
  16  0:47  Gateway  
  16  0:55  Probe  
  16  1:03  Probe  
  18  1:11  Assimilator  
  18  1:12  Probe  
  19  1:24  Probe  
  20  1:36  Probe  
  20  1:38  Cybernetics Core  
  21  1:44  Probe  
  21  1:52  Probe  
  21  1:53  Pylon  
  22  1:56  Warp Gate  
  23  2:09  Gateway  
  23  2:15  Twilight Council  
  23  2:19  Adept  
  25  2:27  Robotics Facility  
  25  2:41  Gateway  
  25  2:44  Pylon  
  25  2:58  Dark Shrine  
  25  3:05  Adept  
  27  3:14  Warp Prism  
  29  3:26  Gateway  
  29  3:50  Observer  
  29  3:54  Pylon  
  30  4:20  Dark Templar x3  
  36  4:52  Pylon  
  36  4:57  Dark Templar  
  36  5:08  Dark Templar  
  36  5:13  Probe  
  37  5:27  Nexus  
  37  5:41  Dark Templar  
  39  5:44  Zealot  
  39  5:45  Zealot x2  
  45  6:02  Gateway  
  45  6:31  Stargate  
  45  6:37  Dark Templar x2  
  49  6:44  Probe x2  
  49  6:52  Probe x2, Assimilator  
  51  6:56  Assimilator  
  53  7:11  Zealot x4  
Tags
 
Add a new tag
Caveats
  • Supply blocks, unpowered buildings, or Contaminate may cause inaccurate times.
  • Supply counts are checked every 10 seconds.